 Dungeon Crawl Stone Soup version 0.30-a0-1008-g30c9307041 (webtiles) character file.

Game seed: 4664763915166863767

2 PLAYERX the Grasshopper (level 1, -1/17 HPs)
             Began as a Gnoll Wanderer on Apr 4, 2023.
             Slain by a kobold
             ... wielding a +0 short sword
              (2 damage)
             ... on level 1 of the Dungeon on Apr 5, 2023.
             The game lasted 00:04:38 (248 turns).

PLAYERX the Grasshopper (Gnoll Wanderer)             Turns: 248, Time: 00:04:39

Health: -1/17      AC:  3    Str: 10    XL:     1   Next: 40%
Magic:  4/4        EV: 10    Int: 12    God:
Gold:   41         SH:  5    Dex: 11    Spells: 4/5 levels left

rFire   . . .      SeeInvis .    a - +0 flail
rCold   . . .      Faith    .    b - +0 buckler
rNeg    . . .      Spirit   .    d - +0 robe
rPois   .          Reflect  .    (no helmet)
rElec   .          Rampage  .    (no cloak)
rCorr   .                        g - +0 pair of gloves
Will    .....                    (no boots)
Stlth   +                        (no amulet)
HPRegen 0.22/turn                (no ring)
MPRegen 0.09/turn                (no ring)

@: no status effects
A: fangs 1, strong nose, distributed training
a: no special abilities


You were on level 1 of the Dungeon.
You visited 1 branch of the dungeon, and saw 1 of its levels.

You collected 41 gold pieces.

Inventory:

Hand Weapons
 a - a +0 flail (weapon)
Armour
 b - a +0 buckler (worn)
 d - a +0 robe (worn)
 g - a +0 pair of gloves (worn)
Scrolls
 e - a scroll of identify {unknown}
 i - a scroll of immolation {unknown}
Potions
 f - a potion of magic {unknown}
 h - a potion of might {unknown}


   Skills:
 + Level 2.3 Fighting
 + Level 0.0 Short Blades
 + Level 0.0 Long Blades
 + Level 4.4 Axes
 + Level 0.0 Maces & Flails
 + Level 0.0 Polearms
 + Level 0.0 Staves
 + Level 0.0 Ranged Weapons
 + Level 0.0 Throwing
 + Level 2.3 Armour
 + Level 0.0 Dodging
 + Level 0.0 Stealth
 + Level 4.4 Shields
 + Level 0.0 Unarmed Combat
 + Level 2.6 Spellcasting
 + Level 0.0 Conjurations
 + Level 0.0 Hexes
 + Level 0.0 Summonings
 + Level 0.0 Necromancy
 + Level 5.3 Translocations
 + Level 0.0 Transmutations
 + Level 0.0 Fire Magic
 + Level 0.0 Ice Magic
 + Level 0.0 Air Magic
 + Level 0.0 Earth Magic
 + Level 0.0 Poison Magic
 + Level 0.1 Invocations
 + Level 0.0 Evocations


You had 4 spell levels left.
You knew the following spells:

 Your Spells              Type           Power      Damage    Failure   Level
a - Apportation           Tloc           28%        N/A       3%          1

Your spell library contained the following spells:

 Spells                   Type           Power      Damage    Failure   Level
 Momentum Strike          Conj/Tloc      16%        3d8       16%         2
 Manifold Assault         Tloc           14%        N/A       34%         4


Dungeon Overview and Level Annotations

Branches:
Dungeon (1/15)

Altars:


Innate Abilities, Weirdness & Mutations

You have very sharp teeth.
Your uncanny sense of smell can sniff out nearby items.
Your experience applies equally to all skills.


Message History

The dart slug barely misses you.
You miss the bat. You block the bat's attack.
The bat hits you but does no damage. The frilled lizard closely misses you.
The bat closely misses you. The frilled lizard closely misses you.
The dart slug barely misses you.
You sock the frilled lizard!
You kill the frilled lizard!
The bat barely misses you. The bat misses you.
The dart slug launches a dart at you. The slug dart hits you.
You closely miss the bat. The bat hits you but does no damage.
The kobold hits you with a +0 dagger. You block the bat's attack.
The dart slug launches a dart at you. You block the slug dart.
As you read the scroll of fog, it crumbles to dust.
The scroll dissolves into smoke.
You barely miss the kobold. The bat hits you but does no damage.
The kobold closely misses you.
The kobold hits you with a +0 short sword.
The bat closely misses you.
The dart slug briefly extends its eye-stalks.
You block the dart slug's attack.
The kobold hits you with a +0 short sword.
The kobold barely misses you.
You closely miss the kobold. You block the kobold's attack.
The kobold misses you. The dart slug bites you.
* * * LOW HITPOINT WARNING * * *
You completely miss the dart slug. The kobold hits you but does no damage.
The kobold hits you with a +0 short sword.
* * * LOW HITPOINT WARNING * * *
You block the dart slug's attack. The bat hits you.
* * * LOW HITPOINT WARNING * * *
The kobold barely misses you. x2
You barely miss the kobold. The bat barely misses you. x2
The dart slug launches a dart at you. The slug dart hits you.
* * * LOW HITPOINT WARNING * * *
You block the kobold's attack.
The kobold hits you with a +0 short sword.
You die...

.......P≈~≈#
........P~≈#
...
..)......P~#
....
..........P##
###....
............###
.......
###########...#
.....#
###.###§§.[.#
#.§§KK§...#
####@w§.##.
#...§b§§§...>.
#...§§§§§..###
#...§......#
#..........#
#....[.....#
#..........#
############


You could see a dart slug, a bat and 2 kobolds.

Vanquished Creatures
  A goblin (D:1)
  A ball python (D:1)
  A frilled lizard (D:1)
3 creatures vanquished.

Notes
Turn   | Place    | Note
-------+----------+-------------------------------------------
     0 | D:1      | PLAYERX the Gnoll Wanderer began the quest for the Orb.
     0 | D:1      | PLAYERX set off with the following items: a +0 hand axe, a
                  | +0 buckler, a scroll of fog, a +0 robe; and the following
                  | spell memorised: Apportation; and the following spells
                  | available to memorise: Momentum Strike, Manifold Assault.
     0 | D:1      | Reached XP level 1. HP: 17/17 MP: 4/4
    20 | D:1      | Upgraded the game from 0.30-a0-996-ga6910c8ee8 to
                  | 0.30-a0-1008-g30c9307041
   248 | D:1      | Slain by a kobold

Illustrated notes

Levels and vault maps discovered:
D:1:      eino_arrival_druids_welcome, layout_basic

Action                     || total
---------------------------++-------
  Melee: Flail             ||    14
         Bite              ||     1
    Use: Scroll            ||     1
 Armour: Robe              ||    10
  Dodge: Dodged            ||    24
  Block: Buckler           ||    10

Table legend: (Time is in decaauts)
 A = Elapsed time spent in this place.
 B = Non-inter-level travel time spent in this place.
 C = Inter-level travel time spent in this place.
 D = Time resting spent in this place.
 E = Time spent auto-exploring this place.
 F = Levels seen in this place.
 G = Mean time per level.
                   A        B        C        D        E       F      G
               +--------+--------+--------+--------+--------+-----+--------+
         Total |    253 |    201 |     52 |     12 |     27 |   1 |  253.0 |
       Dungeon |    253 |    201 |     52 |     12 |     27 |   1 |  253.0 |
               +--------+--------+--------+--------+--------+-----+--------+

Top non-repeatable levels by time:
     D:1: 253 daAuts
